BR
AMITY GARDENS WESTERNERS @ WATERTOWN HEADHUNTERS
07/30/2026
 
TOP OF THE 1ST
Amity Gardens Westerners batting - Pitching for Watertown Headhunters : RHP Luis García
Pitching: RHP Luis García
Batting: SHB Emílio Calvillo 0-0: Ball
1-0: Ball
2-0: Ball
3-0: Called Strike
3-1: Ground out 4-3 (Groundball, 4)
Batting: SHB Norberto Sánchez 0-0: Ball
1-0: Foul Ball, location: 2F
1-1: Fly out, F8 (Flyball, 78M)
Batting: RHB Ramón Rodríguez 0-0: Fly out, F8 (Line Drive, 8LS)
Top of the 1st over - 0 run(s), 0 hit(s), 0 error(s), 0 left on base; Amity Gardens 0 - Watertown 0
BOTTOM OF THE 1ST
Watertown Headhunters batting - Pitching for Amity Gardens Westerners : RHP Alex Crawford
Pitching: RHP Alex Crawford
Batting: RHB Luis Montoya 0-0: Ball
1-0: Ball
2-0: Called Strike
2-1: Foul Ball, location: 2F
2-2: Strikes out looking
Batting: RHB Daniel Martínez 0-0: Ball
1-0: Ball
2-0: Ball
3-0: Called Strike
3-1: Ground out 1-3 (Groundball, 23)
Batting: RHB Lorenzo Ayala 0-0: Called Strike
0-1: Called Strike
0-2: DOUBLE (Line Drive, 9LM)
Batting: LHB Robin Jamieson 0-0: Ball
1-0: Foul Ball, location: 2F
1-1: Foul Ball, location: 2F
1-2: Fly out, F8 (Flyball, 8RM)
Bottom of the 1st over - 0 run(s), 1 hit(s), 0 error(s), 1 left on base; Amity Gardens 0 - Watertown 0
TOP OF THE 2ND
Amity Gardens Westerners batting - Pitching for Watertown Headhunters : RHP Luis García
Batting: RHB Jorge Loanos 0-0: Called Strike
0-1: Ground out 5-3 (Groundball, 56S)
Batting: RHB Gary Stephenson 0-0: Ball
1-0: Foul Ball, location: 2F
1-1: Ball
2-1: Ball
3-1: Swinging Strike
3-2: Base on Balls
Batting: LHB Luis Vázquez 0-0: Ball
1-0: SINGLE (Line Drive, 6MD)
Gary Stephenson to second
Runner from 2nd tries for 3rd, SAFE, no throw or cutoff
Batting: LHB Milo Glenn 0-0: Ball
1-0: Swinging Strike
1-1: Foul Ball, location: 2F
1-2: Ball
2-2: Foul Ball, location: 2F
2-2: Hit by Pitch
Luis Vázquez to second
Batting: RHB Roderick Silva 0-0: Ball
1-0: Swinging Strike
1-1: Called Strike
1-2: Strikes out looking
Batting: RHB Alexander Barr 0-0: Fly out, F9 (Flyball, 9M)
Top of the 2nd over - 0 run(s), 1 hit(s), 0 error(s), 3 left on base; Amity Gardens 0 - Watertown 0
BOTTOM OF THE 2ND
Watertown Headhunters batting - Pitching for Amity Gardens Westerners : RHP Alex Crawford
Batting: RHB Ira Ross 0-0: Ball
1-0: Ball
2-0: Called Strike
2-1: Foul Ball, location: 2F
2-2: Foul Ball, location: 2F
2-2: Fly out, F7 (Flyball, 7M)
Batting: LHB Jorge Luna 0-0: Called Strike
0-1: DOUBLE (Line Drive, 78M)
Batting: LHB Wally Harris 0-0: Called Strike
0-1: Ball
1-1: Called Strike
1-2: DOUBLE (Line Drive, 9LS)
Jorge Luna scores
Batting: RHB Luis Ortega 0-0: Swinging Strike
0-1: Reached on error, E6 (Groundball, 6S)
Wally Harris scores
Batting: RHB José Maldonado 0-0: Ball
1-0: Foul Ball, location: 2F
1-1: Ball
2-1: Foul Ball, location: 2F
2-2: Strikes out swinging
Batting: RHB Luis Montoya 0-0: Called Strike
0-1: Ball
1-1: SINGLE (Groundball, 6MD) (infield hit)
Luis Ortega to third
Batting: RHB Daniel Martínez 0-0: SINGLE (Flyball, 8LS)
Luis Ortega scores
Luis Montoya to second
Batting: RHB Lorenzo Ayala 0-0: Ball
1-0: Ball
2-0: Ball
3-0: Called Strike
3-1: Base on Balls
Luis Montoya to third
Daniel Martínez to second
Batting: LHB Robin Jamieson 0-0: Called Strike
0-1: SINGLE (Groundball, 4)
Luis Montoya scores
Daniel Martínez to third
Lorenzo Ayala to second
Runner from 3rd tries for Home, SAFE, no throw or cutoff
Batting: RHB Ira Ross 0-0: Swinging Strike
0-1: Swinging Strike
0-2: Foul Ball, location: 2F
0-2: Ball
1-2: Foul Ball, location: 2F
1-2: Ball
2-2: Ball
3-2: Ground out 6-3 (Groundball, 6)
Bottom of the 2nd over - 5 run(s), 5 hit(s), 1 error(s), 2 left on base; Amity Gardens 0 - Watertown 5
TOP OF THE 3RD
Amity Gardens Westerners batting - Pitching for Watertown Headhunters : RHP Luis García
Batting: SHB Emílio Calvillo 0-0: Ball
1-0: Ball
2-0: Foul Ball, location: 2F
2-1: Ground out 6-3 (Groundball, 6)
Batting: SHB Norberto Sánchez 0-0: Called Strike
0-1: Called Strike
0-2: Ball
1-2: Strikes out swinging
Batting: RHB Ramón Rodríguez 0-0: Ball
1-0: Ball
2-0: Foul Ball, location: 2F
2-1: Foul Ball, location: 2F
2-2: Strikes out swinging
Top of the 3rd over - 0 run(s), 0 hit(s), 0 error(s), 0 left on base; Amity Gardens 0 - Watertown 5
BOTTOM OF THE 3RD
Watertown Headhunters batting - Pitching for Amity Gardens Westerners : RHP Alex Crawford
Batting: LHB Jorge Luna 0-0: Ball
1-0: Foul Ball, location: 2F
1-1: Ball
2-1: Called Strike
2-2: Strikes out looking
Batting: LHB Wally Harris 0-0: Ball
1-0: Foul Ball, location: 2F
1-1: Ground out 6-3 (Groundball, 6)
Batting: RHB Luis Ortega 0-0: Swinging Strike
0-1: Fly out, F7 (Flyball, 7M)
Bottom of the 3rd over - 0 run(s), 0 hit(s), 0 error(s), 0 left on base; Amity Gardens 0 - Watertown 5
TOP OF THE 4TH
Amity Gardens Westerners batting - Pitching for Watertown Headhunters : RHP Luis García
Batting: RHB Jorge Loanos 0-0: Called Strike
0-1: Called Strike
0-2: Strikes out swinging
Batting: RHB Gary Stephenson 0-0: Called Strike
0-1: Ball
1-1: Ball
2-1: Ball
3-1: Fly out, F9 (Flyball, 9S)
Batting: LHB Luis Vázquez 0-0: Ball
1-0: Called Strike
1-1: Foul Ball, location: 2F
1-2: SINGLE (Line Drive, 9S)
Pitching: RHP Rob Woods
Batting: LHB Milo Glenn 0-0: Swinging Strike
0-1: Ball
Luis Vázquez is caught stealing 2nd base
Top of the 4th over - 0 run(s), 1 hit(s), 0 error(s), 0 left on base; Amity Gardens 0 - Watertown 5
BOTTOM OF THE 4TH
Watertown Headhunters batting - Pitching for Amity Gardens Westerners : RHP Alex Crawford
Batting: RHB José Maldonado 0-0: Ball
1-0: Ball
2-0: Called Strike
2-1: Ground out 5-3 (Groundball, 5)
Batting: RHB Luis Montoya 0-0: Swinging Strike
0-1: Swinging Strike
0-2: SINGLE (Groundball, 4M)
Batting: RHB Daniel Martínez 0-0: Ball
1-0: Fly out, F3 (Popup, 3F)
Batting: RHB Lorenzo Ayala 0-0: Called Strike
0-1: Ball
1-1: Ball
2-1: DOUBLE (Flyball, 7D)
Luis Montoya to third
Runner from 3rd tries for Home, SAFE, no throw or cutoff
Pitching: RHP Ramón Maestas
Batting: LHB Robin Jamieson 0-0: SINGLE (Line Drive, 89S)
Lorenzo Ayala to third
Runner from 3rd tries for Home, SAFE, no throw or cutoff
Batting: RHB Ira Ross 0-0: Ball
1-0: Ground out 1-3 (Groundball, 13S)
Bottom of the 4th over - 2 run(s), 3 hit(s), 0 error(s), 1 left on base; Amity Gardens 0 - Watertown 7
TOP OF THE 5TH
Amity Gardens Westerners batting - Pitching for Watertown Headhunters : RHP Rob Woods
Batting: LHB Milo Glenn 0-0: Called Strike
0-1: Foul Ball, location: 2F
0-2: Ball
1-2: Ground out 4-3 (Groundball, 4)
Batting: RHB Roderick Silva 0-0: Called Strike
0-1: Called Strike
0-2: Ball
1-2: SINGLE (Groundball, 34D)
Batting: RHB Alexander Barr 0-0: Called Strike
0-1: Ground out 5-3 (Groundball, 5S)
Roderick Silva to second
Batting: SHB Emílio Calvillo 0-0: Ball
1-0: Ground out 4-3 (Groundball, 4)
Top of the 5th over - 0 run(s), 1 hit(s), 0 error(s), 1 left on base; Amity Gardens 0 - Watertown 7
BOTTOM OF THE 5TH
Watertown Headhunters batting - Pitching for Amity Gardens Westerners : RHP Ramón Maestas
Batting: LHB Jorge Luna 0-0: Ball
1-0: Ball
2-0: SINGLE (Groundball, 34D)
Pitching: RHP José García
Batting: LHB Wally Harris 0-0: Fly out, F9 (Flyball, 9D)
Batting: RHB Luis Ortega 0-0: Ball
1-0: Ball
2-0: Called Strike
2-1: Ball
3-1: DOUBLE (Line Drive, 7LM)
Jorge Luna to third
Runner from 3rd tries for Home, SAFE, no throw or cutoff
Batting: RHB José Maldonado 0-0: Ball
1-0: Foul Ball, location: 2F
1-1: Foul Ball, location: 2F
1-2: Strikes out swinging
Batting: RHB Luis Montoya 0-0: Foul Ball, location: 2F
0-1: Swinging Strike
0-2: Foul Ball, location: 2F
0-2: Ball
1-2: DOUBLE (Groundball, 5L)
Luis Ortega scores
Batting: RHB Daniel Martínez 0-0: Ball
1-0: Ball
2-0: Ground out 2-3 (Groundball, 2L)
Bottom of the 5th over - 2 run(s), 3 hit(s), 0 error(s), 1 left on base; Amity Gardens 0 - Watertown 9
TOP OF THE 6TH
Amity Gardens Westerners batting - Pitching for Watertown Headhunters : RHP Rob Woods
Pitching: RHP Vicente Calderón
Batting: SHB Norberto Sánchez 0-0: Ground out 4-3 (Groundball, 34)
Batting: RHB Ramón Rodríguez 0-0: Ball
1-0: Ball
2-0: Foul Ball, location: 2F
2-1: Ball
3-1: Ground out 6-3 (Groundball, 56)
Batting: RHB Jorge Loanos 0-0: Hit by Pitch
Batting: RHB Gary Stephenson 0-0: Ball
1-0: Ball
Wild Pitch!
Jorge Loanos to second
2-0: Called Strike
2-1: Foul Ball, location: 2F
2-2: Ball
3-2: Base on Balls
Batting: LHB Luis Vázquez 0-0: Called Strike
0-1: Swinging Strike
0-2: Foul Ball, location: 2F
0-2: Ball
1-2: SINGLE (Flyball, 8LS)
Jorge Loanos to third
Gary Stephenson to second
Runner from 3rd tries for Home, SAFE, no throw or cutoff
Batting: LHB Milo Glenn 0-0: Called Strike
0-1: Swinging Strike
0-2: Strikes out looking
Top of the 6th over - 1 run(s), 1 hit(s), 0 error(s), 2 left on base; Amity Gardens 1 - Watertown 9
BOTTOM OF THE 6TH
Watertown Headhunters batting - Pitching for Amity Gardens Westerners : RHP José García
Batting: RHB Lorenzo Ayala 0-0: Ball
1-0: Fly out, F4 (Line Drive, 4)
Batting: LHB Robin Jamieson 0-0: Ball
1-0: SINGLE (Line Drive, 7LS)
Batting: RHB Ira Ross 0-0: Called Strike
0-1: Foul Ball, location: 2F
0-2: Fly out, F9 (Flyball, 9M)
Batting: LHB Jorge Luna 0-0: Called Strike
0-1: Called Strike
0-2: Ball
1-2: Ball
2-2: Foul Ball, location: 2F
2-2: Ball
Robin Jamieson is caught stealing 2nd base
Bottom of the 6th over - 0 run(s), 1 hit(s), 0 error(s), 0 left on base; Amity Gardens 1 - Watertown 9
TOP OF THE 7TH
Amity Gardens Westerners batting - Pitching for Watertown Headhunters : RHP Vicente Calderón
Pitching: LHP Michael Stewart
Batting: RHB Roderick Silva 0-0: Ball
1-0: Ball
2-0: Ball
3-0: Base on Balls
Batting: RHB Alexander Barr 0-0: Called Strike
0-1: Called Strike
0-2: Grounds into double play, 6-4-3 (Groundball, 6M)
Batting: SHB Emílio Calvillo 0-0: Ball
1-0: Called Strike
1-1: Foul Ball, location: 2F
1-2: Ball
2-2: Ball
3-2: Base on Balls
Batting: SHB Norberto Sánchez 0-0: Ball
1-0: Called Strike
1-1: Ball
2-1: Foul Ball, location: 2F
2-2: Ground out 4-3 (Groundball, 4)
Top of the 7th over - 0 run(s), 0 hit(s), 0 error(s), 1 left on base; Amity Gardens 1 - Watertown 9
BOTTOM OF THE 7TH
Watertown Headhunters batting - Pitching for Amity Gardens Westerners : RHP José García
Pitching: RHP León Delgado
Batting: LHB Jorge Luna 0-0: Ball
1-0: Foul Ball, location: 2F
1-1: Foul Ball, location: 2F
1-2: Strikes out looking
Batting: LHB Wally Harris 0-0: Ground out 6-3 (Groundball, 56)
Batting: RHB Luis Ortega 0-0: Fly out, F7 (Flyball, 7M)
Bottom of the 7th over - 0 run(s), 0 hit(s), 0 error(s), 0 left on base; Amity Gardens 1 - Watertown 9
TOP OF THE 8TH
Amity Gardens Westerners batting - Pitching for Watertown Headhunters : LHP Michael Stewart
Batting: RHB Ramón Rodríguez 0-0: Called Strike
0-1: Ball
1-1: Called Strike
1-2: Ball
2-2: Ball
3-2: Foul Ball, location: 2F
3-2: Base on Balls
Batting: RHB Jorge Loanos 0-0: Ball
1-0: Called Strike
1-1: Ball
2-1: Foul Ball, location: 2F
2-2: SINGLE (Groundball, 34D)
Ramón Rodríguez to second
Runner from 2nd tries for 3rd, SAFE, throw made to third
Batting: RHB Gary Stephenson 0-0: Ball
1-0: Called Strike
1-1: Ball
2-1: SINGLE (Groundball, 34D)
Ramón Rodríguez scores
Jorge Loanos to second
Runner from 2nd tries for 3rd, SAFE, throw made to third
Batting: LHB Luis Vázquez 0-0: Ball
1-0: Foul Ball, location: 2F
1-1: Ball
2-1: Ball
3-1: Foul Ball, location: 2F
3-2: SINGLE (Line Drive, 34)
Jorge Loanos scores
Gary Stephenson to second
Batting: LHB Milo Glenn 0-0: Called Strike
0-1: Ball
1-1: Foul Ball, location: 2F
1-2: Fly out, F2 (Popup, 23F)
Batting: RHB Roderick Silva 0-0: Ball
1-0: Called Strike
1-1: Grounds into double play, 5-4-3 (Groundball, 5)
Top of the 8th over - 2 run(s), 3 hit(s), 0 error(s), 1 left on base; Amity Gardens 3 - Watertown 9
BOTTOM OF THE 8TH
Watertown Headhunters batting - Pitching for Amity Gardens Westerners : RHP León Delgado
Batting: RHB José Maldonado 0-0: Called Strike
0-1: Ball
1-1: Called Strike
1-2: Fly out, F6 (Popup, 56S)
Batting: RHB Luis Montoya 0-0: Ball
1-0: Called Strike
1-1: SINGLE (Flyball, 8LS)
Batting: RHB Daniel Martínez 0-0: Grounds into double play, 6-4-3 (Groundball, 6)
Bottom of the 8th over - 0 run(s), 1 hit(s), 0 error(s), 0 left on base; Amity Gardens 3 - Watertown 9
TOP OF THE 9TH
Amity Gardens Westerners batting - Pitching for Watertown Headhunters : LHP Michael Stewart
Batting: RHB Alexander Barr 0-0: Called Strike
0-1: Foul Ball, location: 2F
0-2: Ground out 5-3 (Groundball, 56)
Batting: SHB Emílio Calvillo 0-0: Ball
1-0: Ball
2-0: Ball
3-0: Base on Balls
Batting: SHB Norberto Sánchez 0-0: Called Strike
0-1: Ball
1-1: Foul Ball, location: 2F
1-2: Ball
2-2: Strikes out swinging
Batting: RHB Ramón Rodríguez 0-0: Ball
1-0: Called Strike
1-1: SINGLE (Line Drive, 7S)
Emílio Calvillo to second
Pitching: RHP David Silva
Batting: RHB Jorge Loanos 0-0: Ball
1-0: Ball
2-0: Fly out, F8 (Line Drive, 8LM)
Top of the 9th over - 0 run(s), 1 hit(s), 0 error(s), 2 left on base; Amity Gardens 3 - Watertown 9
Monday, December 5th, 2016 - OOTP Baseball 17.12 Build 75